 Dungeon Crawl Stone Soup version 0.19-a0-36-g4a0968a (webtiles) character file.

2230 nubinia the Magician (level 9, -10/53 HPs)
             Began as a High Elf Ice Elementalist on May 5, 2016.
             Was a Follower of Sif Muna.
             Splashed by a wight's acid (11 damage)
             ... on level 6 of the Dungeon.
             The game lasted 00:58:17 (8649 turns).

nubinia the Magician (High Elf Ice Elementalist)    Turns: 8649, Time: 00:58:18

Health: -10/53     AC: 11    Str:  7    XL:     9   Next: 14%
Magic:  12/21      EV: 14    Int: 23    God:    Sif Muna [*.....]
Gold:   770        SH:  0    Dex: 16    Spells: 7 memorised, 10 levels left

rFire  + . .     SeeInvis .     G - +3 spear
rCold  . . .     Gourm    .     f - +2 robe {rF+}
rNeg   . . .     Faith    .     (no shield)
rPois  .         Spirit   .     u - +2 helmet
rElec  .         Dismiss  .     C - +0 cloak
rCorr  .         Reflect  .     (no gloves)
SustAt .         Harm     .     (no boots)
MR     .....                    t - amulet of rage (curse)
Stlth  +++.......               (no ring)
                                j - ring of flight

@: icy armour, corroded, very slightly contaminated, drained, slow, not
resistant to hostile enchantments, fairly stealthy
A: no striking features
a: Channel Energy, Renounce Religion, Evoke Berserk Rage, Evoke Flight


You were on level 6 of the Dungeon.
You worshipped Sif Muna.
Sif Muna was aware of your devotion.
You were not hungry.

You visited 2 branches of the dungeon, and saw 8 of its levels.
You also visited: Bailey.

You collected 770 gold pieces.

Inventory:

Hand Weapons
 m - a +0 dagger
 w - a +0 rapier of holy wrath
 G - a +3 spear (weapon)
 J - a +0 blowgun
 P - a +1 mace of protection
Missiles
 E - 34 tomahawks of returning (quivered)
 M - 14 poisoned needles
 O - 4 tomahawks
Armour
 a - a +0 robe
 f - a +2 robe of fire resistance (worn)
 u - a +2 helmet (worn)
 C - a +0 cloak (worn)
 H - a +0 helmet of see invisible
Jewellery
 j - a ring of flight (left hand)
 t - a cursed amulet of rage (around neck)
Wands
 y - a wand of paralysis (9/24)
Scrolls
 g - a scroll of remove curse
 h - 6 scrolls of identify
 i - 2 scrolls of blinking
 l - a scroll of enchant armour
 r - a scroll of amnesia
 x - 2 scrolls of recharging
 D - a scroll of fear {unknown}
 I - a scroll of random uselessness {unknown}
 K - a scroll of enchant weapon {unknown}
 L - a scroll of fog {unknown}
Potions
 k - a potion of ambrosia {unknown}
 n - 3 potions of cure mutation
 o - 2 potions of curing
 p - a potion of lignification
 q - a potion of heal wounds {unknown}
 s - a potion of resistance {unknown}
 v - a potion of degeneration {unknown}
 N - a potion of might {unknown}
Books
 b - a book of Frost

   Spells                             Type                      Level
   a - Freeze                         Ice                          1
   b - Throw Frost                    Conjuration/Ice              2
   c - Ozocubu's Armour               Charms/Ice                   3
   d - Throw Icicle                   Conjuration/Ice              4
   e - Summon Ice Beast               Ice/Summoning                4
 e - a book of Dreams

   Spells                             Type                      Level
   a - Ensorcelled Hibernation        Hexes/Ice                    2
   b - Silence                        Hexes/Air                    5
   c - Darkness                       Hexes                        6
   d - Shadow Creatures               Summoning                    6
 B - Sif Muna's Handbook of the Earthen Compass
   (You found it in a bailey)

   Spells                             Type                      Level
   a - Shroud of Golubria             Charms/Translocation         2
   b - Petrify                        Transmutation/Earth          4
   c - Summon Forest                  Summoning/Translocation      5
   d - Shatter                        Earth                        9
 F - a book of Cantrips

   Spells                             Type                      Level
   a - Corona                         Hexes                        1
   b - Animate Skeleton               Necromancy                   1
   c - Summon Small Mammal            Summoning                    1
   d - Apportation                    Translocation                1
Comestibles
 c - 4 bread rations
 d - 20 fruits
 z - 2 meat rations
 A - a royal jelly
 Q - a chunk of flesh


   Skills:
 + Level 1.3(1.1) Fighting
 + Level 1.9(1.7) Short Blades
 + Level 0.2(0.1) Polearms
 + Level 1.0(0.8) Throwing
 + Level 4.5(4.4) Dodging
 + Level 4.4(4.3) Stealth
 * Level 7.6(7.5) Spellcasting
 * Level 3.4(3.2) Conjurations
 + Level 2.0(1.9) Charms
 * Level 1.8(1.7) Summonings
 * Level 2.2(2.1) Necromancy
 * Level 6.6(6.5) Ice Magic
 + Level 1.9(1.8) Invocations
 + Level 0.6(0.4) Evocations


You had 10 spell levels left.
You knew the following spells:

 Your Spells              Type           Power        Failure   Level  Hunger
a - Freeze                Ice            ####         1%          1    None
b - Throw Frost           Conj/Ice       ####..       1%          2    None
c - Summon Small Mammal   Summ           ###.         3%          1    None
d - Apportation           Tloc           #.........   10%         1    None
e - Summon Ice Beast      Ice/Summ       ####....     14%         4    ###....
o - Ozocubu's Armour      Chrm/Ice       ####....     4%          3    None
S - Animate Skeleton      Necr           N/A          2%          1    None


Dungeon Overview and Level Annotations

Branches:
Dungeon (7/15)             Temple (1/1) D:5

Altars:
Ashenzari
Cheibriados
Dithmenos
Elyvilon
Fedhas
Gozag
Kikubaaqudgha
Makhleb
Nemelex Xobeh
Qazlal
Ru
Sif Muna
Vehumet
Xom
Yredelemnul
Zin
The Shining One


Message History

You miscast Summon Ice Beast.
You are very lightly contaminated with residual magic.
Frost spreads across the stone staircase leading up.
The wight completely misses you. The wight hits you but does no damage.
You climb upwards.
There is a stone staircase leading down here.
Casting: Summon Ice Beast
Confirm with . or Enter, or press ? or * to list all spells.
A chill wind blows around you. The wight hits you but does no damage.
The wight zaps a wand.
The bolt of acid hits you! The acid corrodes you!
The acid burns!
* * * LOW HITPOINT WARNING * * *
It is a wand of acid.
Your ice beast hits the wight.
Your ice beast freezes the wight.
The wight resists.
The wight zaps a wand.
The bolt of acid hits you!
* * * LOW HITPOINT WARNING * * *
The acid burns!
You die...

###Z#### #.....#
#.## #....#
#.....# #.#
####.# #...<.#
#.# #.# #######
#.# #[# ###.# #.#
#...# ##.######
#.###
#.......##### #.#
#..###...@..# #.#
#....#..###z###.#
#..#.#..#.......#
#.>....>Y.#.#####
#.#####.###.#
#...........#
#############


You could see a wight.

Vanquished Creatures
  A hippogriff (D:7)
  An orc warrior (Bailey)
  2 ice beasts (D:6)
  An ogre (D:4)
  2 giant frogs (D:6)
  A wyvern zombie (D:7)
  2 scorpions (D:6)
  A wight (D:6)
  3 crimson imps
  2 giant frog zombies
  3 hounds
  Crazy Yiuf (D:3)
  A jelly (D:6)
  2 giant frog skeletons
  An iguana (D:5)
  3 orc wizards
  4 worker ants
  A hound skeleton (D:6)
  A worker ant zombie (D:6)
  Robin (D:3)
  2 gnolls (Bailey)
  10 adders
  An ooze (D:2)
  2 adder zombies (D:5)
  2 worms (D:2)
  5 giant geckos
  9 orcs
  A giant cockroach (D:6)
  17 goblins
  12 hobgoblins
  4 jackals
  3 quokkas
  3 ball pythons
  3 bats
  5 giant newts
  A jackal skeleton (D:4)
  16 kobolds
  6 rats
  2 fungi (D:3)
138 creatures vanquished.

Vanquished Creatures (collateral kills)
  2 orc knights (Bailey)
  An adder zombie (D:7)
  An orc (D:5)
4 creatures vanquished.

Grand Total: 142 creatures vanquished

Notes
Turn   | Place    | Note
--------------------------------------------------------------
     0 | D:1      | nubinia the High Elf Ice Elementalist began the quest for the Orb.
     0 | D:1      | Reached XP level 1. HP: 11/11 MP: 4/4
   467 | D:1      | Reached XP level 2. HP: 17/17 MP: 4/6
   471 | D:1      | Learned a level 2 spell: Throw Frost
   957 | D:2      | Reached skill level 3 in Spellcasting
  1477 | D:2      | Reached XP level 3. HP: 16/21 MP: 8/8
  1544 | D:2      | Learned a level 3 spell: Ozocubu's Armour
  2546 | D:3      | Reached XP level 4. HP: 27/27 MP: 2/10
  3241 | D:3      | Noticed Robin
  3453 | D:3      | Killed Robin
  3736 | D:3      | Noticed Crazy Yiuf
  3746 | D:3      | Killed Crazy Yiuf
  3746 | D:3      | Reached skill level 4 in Spellcasting
  3746 | D:3      | Reached XP level 5. HP: 9/31 MP: 2/12
  4082 | D:4      | Found a stormy altar of Qazlal.
  4261 | D:4      | Noticed an ogre
  4422 | D:4      | Learned a level 1 spell: Animate Skeleton
  4424 | D:4      | Learned a level 1 spell: Summon Small Mammal
  4689 | D:4      | Killed an ogre
  4689 | D:4      | Reached skill level 5 in Spellcasting
  4689 | D:4      | Reached XP level 6. HP: 36/36 MP: 1/14
  4841 | D:5      | Entered Level 5 of the Dungeon
  5007 | D:5      | Reached skill level 5 in Ice Magic
  5042 | D:5      | Reached skill level 1 in Charms
  5210 | D:5      | Found a staircase to the Ecumenical Temple.
  5216 | Temple   | Entered the Ecumenical Temple
  5464 | D:5      | Reached XP level 7. HP: 37/41 MP: 13/16
  5516 | D:5      | Found a shimmering altar of Xom.
  5516 | D:5      | Found an opulent altar of Gozag.
  6083 | D:6      | Reached skill level 6 in Spellcasting
  6202 | D:6      | Found a deep blue altar of Sif Muna.
  6424 | D:5      | Reached skill level 1 in Short Blades
  6589 | D:6      | Reached skill level 1 in Fighting
  6856 | D:6      | Became a worshipper of Sif Muna the Loreminder
  6978 | D:6      | Reached XP level 8. HP: 44/48 MP: 13/18
  7127 | D:6      | Reached skill level 1 in Necromancy
  7336 | D:7      | Reached skill level 7 in Spellcasting
  7336 | D:7      | Reached skill level 1 in Summonings
  7355 | D:7      | Found a flagged portal.
  7361 | Bailey   | Entered a bailey
  7428 | Bailey   | Noticed an orc knight
  7488 | Bailey   | Reached * piety under Sif Muna
  7731 | Bailey   | Noticed an orc knight
  7830 | Bailey   | Learned a level 1 spell: Apportation
  7845 | Bailey   | Learned a level 4 spell: Summon Ice Beast
  7878 | Bailey   | Killed an orc knight
  7878 | Bailey   | Reached skill level 1 in Throwing
  7878 | Bailey   | Reached skill level 1 in Invocations
  7882 | Bailey   | Noticed a red devil
  8165 | Bailey   | Killed an orc knight
  8165 | Bailey   | Reached XP level 9. HP: 39/53 MP: 2/21
  8274 | Bailey   | Identified Sif Muna's Handbook of the Earthen Compass
  8412 | D:7      | Found a radiant altar of Vehumet.
  8649 | D:6      | HP: 1/53 [wight/wand of acid (7)]
  8649 | D:6      | Splashed by a wight's acid

Vault maps used:
D:1:      minmay_arrival_three_doors
D:2:      dk_vineyard_3
D:3:      uniq_crazy_yiuf_cottage, uniq_robin
D:4:      marbit_many_paths, first_bread
D:5:      gammafunk_temple_overflow_statue, minmay_temple_entry_overgrown,
          minmay_tree_intersection
D:6:      old_standard_altar
D:7:      nicolae_overflow_crystal_walls, enter_bailey_2
Temple:   water_room_temple_b_12
Bailey:   bailey_axe_4, bailey

Skill      XL: |  1  2  3  4  5  6  7  8 |
---------------+-------------------------+-----
Spellcasting   | 3 4 5 6 7 |  7.6
Ice Magic      | 4 5 6 |  6.6
Stealth        | 3 4 |  4.4
Charms         | 1 2 |  2.0
Dodging        | 4 |  4.5
Short Blades   | 1 |  1.9
Fighting       | 1 |  1.3
Necromancy     | 2 |  2.2
Conjurations   | 3 |  3.4
Summonings     | 1 |  1.8
Throwing       | 1 |  1.0
Invocations    | 1 |  1.9
Polearms       | |  0.2
Evocations     | |  0.6

Action                   |  1- 3 |  4- 6 |  7- 9 || total
-------------------------+-------+-------+-------++-------
Melee: Dagger            |    18 |    72 |       ||    90
       Rapier            |       |    25 |    80 ||   105
       Spear             |       |     3 |    23 ||    26
 Fire: Blowgun           |       |       |    33 ||    33
Throw: Tomahawk          |       |       |     1 ||     1
 Cast: Freeze            |    43 |    68 |    59 ||   170
       Throw Frost       |     3 |     7 |    51 ||    61
       Ozocubu's Armour  |       |     5 |    19 ||    24
       Animate Skeleton  |       |       |    20 ||    20
       Summon Ice Beast  |       |       |    17 ||    17
       Summon Small Mamm |       |       |     1 ||     1
Invok: Channel Energy    |       |       |    56 ||    56
 Abil: Evoke Flight      |       |       |     6 ||     6
Evoke: Wand              |       |       |     6 ||     6
  Use: Scroll            |     3 |     3 |     7 ||    13
       Potion            |     1 |     1 |       ||     2
 Stab: Sleeping          |     2 |     3 |     2 ||     7
       Distracted        |       |     1 |       ||     1
       Invisible         |       |     1 |       ||     1
       Paralysed         |       |       |     7 ||     7
  Eat: Chunk             |     5 |    10 |    18 ||    33
       Pizza             |       |       |     1 ||     1
       Royal jelly       |       |       |     1 ||     1
Armor: Robe              |     7 |    15 |    70 ||    92
Dodge: Dodged            |    23 |    59 |   179 ||   261
